 Dungeon Sprint DCSS version 0.19.4-8-ga85b6b9 (webtiles) character file.

0 protoss039 the Grave Robber (level 1, -1/13 HPs)
             Began as a Vampire Necromancer on Feb 13, 2017.
             Was an Initiate of Sif Muna.
             Slain by a chaos spawn (4 damage)
             ... summoned by a mummy priest
             ... in the Dungeon (Sprint V: "Ziggurat Sprint").
             The game lasted 00:07:45 (182 turns).

protoss039 the Grave Robber (Vampire Necromancer)    Turns: 182, Time: 00:07:46

Health: -1/13      AC: 17    Str:  7    XL:     1   Next: 0%
Magic:  3/3        EV: -17   Int: 29    God:    Sif Muna [......]
Gold:   0          SH: 24    Dex: 14    Spells: 1 memorised, 3 levels left

rFire  + . .     SeeInvis +     M - +7 Screaming Sword
rCold  + . .     Gourm    .     l - +5 gold dragon scales
rNeg   + + .     Faith    .     L - +18 shield of the Gong {rElec rN+ MR+ EV-5}
rPois  +         Spirit   .     (no helmet)
rElec  +         Reflect  .     (no cloak)
rCorr  .         Harm     .     (no gloves)
MR     +....     NoTele   +     (no boots)
Stlth  ..........               (no amulet)
                                E - +6 ring of intelligence
                                D - +6 ring of intelligence

@: no status effects
A: fangs 3, see invisible, unbreathing
a: Renounce Religion


You were in the Dungeon.
You worshipped Sif Muna.
Sif Muna was noncommittal.
You were not thirsty.

You visited 1 branch

Inventory:

Hand Weapons
 K - the +6 Majin-Bo {vamp, Archmagi MP+6 Int+6}
   (You found it in the Dungeon)

   It inflicts no extra harm, but heals its wielder when it wounds a living foe.
   It affects your intelligence (+6).
   It affects your magic capacity (+6).
 M - the +7 Screaming Sword (weapon)
   (You found it in the Dungeon)
 N - the +7 great mace "Firestarter" {inner flame, rF++}
   (You found it in the Dungeon)

   It has been specially enchanted to burn those struck by it, causing extra
   injury to most foes and up to half again as much damage against particularly
   susceptible opponents.
   It greatly protects you from fire.
 O - the +8 lance "Wyrmbane" {slay drac, rPois rF+ rC+ AC+3}
   (You found it in the Dungeon)

   It affects your AC (+3).
   It protects you from fire.
   It protects you from cold.
   It protects you from poison.
Armour
 a - a +0 robe
 j - +5 fire dragon scales
 k - a +3 buckler
 l - +5 gold dragon scales (worn)
 m - +5 ice dragon scales
 n - +5 shadow dragon scales
 o - +5 storm dragon scales
 I - a +3 large shield
 J - a +5 crystal plate armour
 L - the +18 shield of the Gong (worn) {rElec rN+ MR+ EV-5}
   (You found it in the Dungeon)

   It affects your evasion (-5).
   It insulates you from electricity.
   It protects you from negative energy.
   It affects your resistance to hostile enchantments.
Jewellery
 B - a +6 ring of dexterity
 C - a +6 ring of dexterity
 D - a +6 ring of intelligence (left hand)
 E - a +6 ring of intelligence (right hand)
 F - a +6 ring of strength
 G - a +6 ring of strength
 H - an uncursed ring of flight
Scrolls
 i - 4 scrolls of blinking
 v - 4 scrolls of amnesia
 w - 3 scrolls of recharging
 x - 7 scrolls of fog
 y - 5 scrolls of identify
 z - 5 scrolls of remove curse
 A - 2 scrolls of fear
Potions
 c - a potion of blood
 d - 10 potions of curing
 e - 10 potions of heal wounds
 f - 6 potions of haste
 g - 7 potions of magic
 h - 3 potions of berserk rage
 p - 2 potions of brilliance
 q - 2 potions of invisibility
 r - 4 potions of resistance
 s - a potion of experience
 t - 5 potions of agility
 u - 5 potions of might
Books
 b - a book of Necromancy

   Spells                             Type                      Level
   a - Pain                           Necromancy                   1
   b - Animate Skeleton               Necromancy                   1
   c - Vampiric Draining              Necromancy                   3
   d - Regeneration                   Charms/Necromancy            3
   e - Animate Dead                   Necromancy                   4
   f - Control Undead                 Necromancy                   4


   Skills:
 - Level 2.1 Dodging
 + Level 3.0 Stealth
 + Level 2.0 Spellcasting
 + Level 4.3 Necromancy


You had 3 spell levels left.
You knew the following spells:

 Your Spells              Type           Power        Failure   Level  Hunger
a - Pain                  Necr           ####         100%        1    None


Dungeon Overview and Level Annotations

Branches:
Dungeon (1/1)

Altars:
Ashenzari
Cheibriados
Dithmenos
Elyvilon
Fedhas
Gozag
Hepliaklqana
Kikubaaqudgha
Makhleb
Nemelex Xobeh
Okawaru
Qazlal
Ru
Sif Muna
Trog
Uskayaw
Vehumet
Xom
Yredelemnul
Zin
The Shining One
Beogh
Jiyva
Lugonu


Innate Abilities, Weirdness & Mutations

You have razor-sharp teeth.
You have supernaturally acute eyesight. (SInv)
You can survive without breathing.


Message History

SHROANNG!
The bat zombie hits you but does no damage.
The vampire hits you but does no damage.
The vampire bites you but does no damage.
The mummy priest prays to its god.
The shadow slips into darkness.
The shadow flickers and vanishes for a moment.
Unknown command.
Your gold dragon scales prevents you from hitting the vampire.
You block the bat zombie's attack.
GONNNNG!
The vampire casts a spell.
The vampire flickers and vanishes for a moment.
You block the bat zombie's attack.
BONNNG!
The mummy priest calls down the wrath of its god upon you.
Something smites you!
Ouch! That really hurt!
* * * LOW HITPOINT WARNING * * *
The chaos spawn hits you.
You die...

▓▓▓▓▓▓▓
▓.8©8.▓
▓.....▓
▓.?.:.▓
▓.WMW.▓
▓.MV43▓
▓.Z@..▓
▓▓▓▓▓▓▓


You could see a mummy priest, a smoke demon, a chaos spawn, a vampire
(invisible), a wraith, a shadow (invisible), a mummy and a bat zombie.

Vanquished Creatures (others)
  A spatial maelstrom (D)
1 creature vanquished.

Notes
Turn   | Place    | Note
-------+----------+-------------------------------------------
     0 | D        | protoss039 the Vampire Necromancer began the quest for the Orb.
     0 | D        | Reached XP level 1. HP: 13/13 MP: 3/3
     0 | D        | Found a bloodstained altar of Trog.
     0 | D        | Found a deep blue altar of Sif Muna.
     0 | D        | Found a sacrificial altar of Ru.
     0 | D        | Found a stormy altar of Qazlal.
     0 | D        | Found an iron altar of Okawaru.
     8 | D        | Banished a spatial maelstrom
    17 | D        | Became a worshipper of Sif Muna the Loreminder
    19 | D        | Found a sparkling altar of Nemelex Xobeh.
    29 | D        | Found a corrupted altar of Lugonu.
    29 | D        | Found a burning altar of Makhleb.
    29 | D        | Found an ancient bone altar of Kikubaaqudgha.
    29 | D        | Found a viscous altar of Jiyva.
    32 | D        | Found a hazy altar of Hepliaklqana.
    34 | D        | Found an opulent altar of Gozag.
    35 | D        | Found a blossoming altar of Fedhas.
   179 | D        | Entered arena 1.
   179 | D        | Noticed a mummy priest
   180 | D        | Noticed a wraith
   180 | D        | Noticed a shadow
   180 | D        | Noticed a vampire
   182 | D        | Noticed a smoke demon
   182 | D        | Noticed a chaos spawn
   182 | D        | Slain by a chaos spawn

Action                   || total
-------------------------++-------
Melee: Double sword      ||     3
Armor: Gold dragon scale ||     5
Block: Shield            ||     5
